 Dungeon Crawl Stone Soup version 0.28.0-43-g3370ac3207 (webtiles) character file.

Game seed: 5320755856162787947

338 Peloso the Covered (level 6, 0/53 HPs)
             Began as a Minotaur Fighter on Mar 19, 2022.
             Slain by Terence
             ... wielding a +0 mace
              (9 damage)
             ... on level 3 of the Dungeon.
             The game lasted 00:03:58 (2422 turns).

Peloso the Covered (Minotaur Fighter)               Turns: 2422, Time: 00:03:58

Health: 0/53       AC: 10    Str: 27    XL:     6   Next: 29%
Magic:  5/5        EV: 11    Int:  9    God:
Gold:   63         SH:  5    Dex: 11    Spells: 5/5 levels left

rFire   . . .      SeeInvis .   a - +0 long sword
rCold   . . .      Faith    .   c - +0 buckler
rNeg    . . .      Spirit   .   b - +1 ring mail "Biuny" {Int+4}
rPois   .          Reflect  .   (helmet restricted)
rElec   .          Harm     .   (no cloak)
rCorr   .          Rampage  .   h - +2 pair of gloves
Will    .....                   (no boots)
Stlth   +.........              (no amulet)
HPRegen 0.17/turn               f - +6 ring of strength
MPRegen 0.09/turn               (no ring)

@: no status effects
A: horns 2, retaliatory headbutt
a: no special abilities


You were on level 3 of the Dungeon.
You visited 1 branch of the dungeon, and saw 3 of its levels.

You collected 63 gold pieces.

Inventory:

Hand Weapons
 a - a +0 long sword (weapon)
Armour
 b - the +1 ring mail "Biuny" (worn) {Int+4}
   (You found it on level 3 of the Dungeon)

   Int:       It affects your intelligence (+4).
 c - a +0 buckler (worn)
 h - a +2 pair of gloves (worn)
Jewellery
 f - a +6 ring of strength (left hand)
Scrolls
 e - 2 scrolls of identify {unknown}
 j - a scroll of summoning {unknown}
Potions
 d - a potion of might
 g - a potion of brilliance {unknown}
 i - a potion of mutation {unknown}
 k - a potion of attraction {unknown}


   Skills:
 + Level 4.6 Fighting
 + Level 5.1 Long Blades
 + Level 5.5 Armour
 + Level 1.5 Dodging
 + Level 0.2 Stealth
 + Level 4.5 Shields


You had 5 spell levels left.
You didn't know any spells.
Your spell library contained the following spells:

 Spells                   Type           Power      Damage    Failure   Level
 Petrify                  Tmut/Erth      0%         N/A       100%        4
 Metabolic Englaciation   Hex/Ice        0%         N/A       100%        5
 Statue Form              Tmut/Erth      0%         N/A       100%        6


Dungeon Overview and Level Annotations

Branches:
Dungeon (3/15)

Altars:
Hepliaklqana

Shops:
D:2 [

Annotations:
D:3 Terence


Innate Abilities, Weirdness & Mutations

You have a pair of horns on your head.
You reflexively headbutt those who attack you in melee.


Message History

Terence shouts, "Now you die!" Something hits you but does no damage.
You bump into the rock wall.
Something hits you but does no damage.
You completely miss something. Your headbutt misses something.
Something hits you but does no damage.
You bump into the rock wall.
You hear some strange, mumbled words.
Something tries to affect you, but you resist.
You bump into the rock wall.
Something hits you but does no damage.
You bump into the rock wall.
You feel less confused. Something hits you but does no damage.
You slash something! Your headbutt misses something.
You hear some strange, mumbled words.
Something tries to affect you, but you resist.
You closely miss something. Your headbutt misses something.
Something hits you but does no damage.
You miss something. Something hits you but does no damage.
You hear some strange, mumbled words.
A magic dart appears from out of thin air!
The magic dart hits you.
You closely miss something. Something hits you.
* * * LOW HITPOINT WARNING * * *
You hit something.
Reactivating autopickup.
You feel a bit more experienced.
Your Long Blades skill increases to level 5!
You closely miss Terence. Terence misses you.
You barely miss Terence. Terence hits you with a +0 mace!
* * * LOW HITPOINT WARNING * * *
You barely miss Terence. Your headbutt misses Terence.
Terence closely misses you. You furiously retaliate!
You headbutt Terence! You block Terence's attack.
You hit Terence.
Terence is moderately wounded.
You block Terence's attack.
You hit Terence but do no damage.
Terence is moderately wounded.
Terence hits you with a +0 mace!
You die...

#.
#.#..#)[#...##.....
...#.P####..<>......
.####.....)).########
#.....)..# ######)###
###......#
..........##########.
###.....†...@........
#..###.####@######
#.. #.# #.# #. #.#
#.# . #.# #.# .. ..#
#.# ... ... .. #..
##.


You could see Terence.

Vanquished Creatures
  Sigmund (D:2)
  A hound (D:3)
  An orc wizard (D:3)
  Robin (D:2)
  A gnoll (D:1)
  2 adders (D:2)
  2 worms (D:2)
  2 dart slugs
  4 orcs (D:3)
  7 ball pythons
  5 bats
  4 endoplasms
  12 goblins
  5 hobgoblins
  2 jackals (D:1)
  3 quokkas
  4 frilled lizards (D:1)
  7 kobolds
  4 rats
68 creatures vanquished.

Notes
Turn   | Place    | Note
-------+----------+-------------------------------------------
     0 | D:1      | Peloso the Minotaur Fighter began the quest for the Orb.
     0 | D:1      | Reached XP level 1. HP: 19/19 MP: 0/0
    92 | D:1      | Reached XP level 2. HP: 26/27 MP: 1/1
   547 | D:1      | Reached XP level 3. HP: 30/33 MP: 2/2
   730 | D:1      | Found a faded altar of an unknown god.
   975 | D:2      | Found a hazy altar of Hepliaklqana.
  1085 | D:2      | Reached XP level 4. HP: 12/40 MP: 3/3
  1341 | D:2      | Found Nece's Antique Armour Shop.
  1360 | D:2      | HP: 2/40 [poisoned by a kobold]
  1749 | D:2      | Noticed Sigmund
  1755 | D:2      | Killed Sigmund
  1756 | D:2      | Reached skill level 5 in Armour
  1756 | D:2      | Reached skill level 1 in Dodging
  1756 | D:2      | Reached XP level 5. HP: 47/47 MP: 4/4
  1986 | D:2      | Noticed Robin
  2002 | D:2      | Killed Robin
  2278 | D:3      | Reached XP level 6. HP: 53/53 MP: 5/5
  2329 | D:3      | Identified the +1 ring mail "Biuny" {Int+4}
  2395 | D:3      | Noticed Terence
  2418 | D:3      | Reached skill level 5 in Long Blades
  2422 | D:3      | Slain by Terence

Illustrated notes

Levels and vault maps discovered:
D:1:      eino_arrival_druids_welcome, layout_basic,
          hellmonk_ecumenical_altar_arch_garden, minmay_tripent
D:2:      layout_basic, basic_altar, serial_shops,
          nicolae_shop_overgrown_old_shop, corexii_hall_statues_deadend,
          uniq_sigmund, uniq_robin
D:3:      layout_loops_ring, yredelemnul_forgotten_temple_becter, slow_altar_1,
          chequers_avenue, roderic_nine_men_s_morris, corexii_shack, uniq_ijyb,
          uniq_terence, uniq_grinder

Skill      XL: |  1  2  3  4  5  6 |
---------------+-------------------+-----
Fighting       | 4 |  4.6
Armour         | 4 5 |  5.5
Shields        | 4 |  4.5
Long Blades    | 3 4 5 |  5.1
Dodging        | 1 |  1.5
Stealth        | |  0.2

Action                   |  1- 3 |  4- 6 || total
-------------------------+-------+-------++-------
Melee: Long sword        |    81 |    82 ||   163
       Headbutt          |    11 |     7 ||    18
Armor: Scale mail        |    53 |    31 ||    84
       Ring mail         |       |    36 ||    36
Dodge: Dodged            |    43 |    62 ||   105
Block: Buckler           |    22 |    17 ||    39
